 Dungeon Crawl Stone Soup version 0.29.1-15-g9cfb28693d (webtiles) character file.

Game seed: 1560033007724725795

4469 raph the Destroyer (level 10, -4/56 HPs)
             Began as a Deep Elf Conjurer on May 1, 2023.
             Was an Initiate of Gozag.
             Slain by a swamp worm (21 damage)
             ... on level 8 of the Dungeon.
             The game lasted 00:19:05 (12812 turns).

raph the Destroyer (Deep Elf Conjurer)             Turns: 12812, Time: 00:19:05

Health: -4/56      AC: 11    Str:  4    XL:     10   Next: 15%
Magic:  10/24      EV: 13    Int: 28    God:    Gozag
Gold:   1169       SH:  0    Dex: 13    Spells: 8/26 levels left

rFire   . . .      SeeInvis .   a - +2 rapier (elec)
rCold   . . .      Faith    .   (no shield)
rNeg    + . .      Spirit   .   u - +2 leather armour {Will+}
rPois   .          Reflect  .   (no helmet)
rElec   .          Harm     .   (no cloak)
rCorr   .          Rampage  .   (no gloves)
Will    ++...                   B - +1 pair of boots
Stlth   ++........              (no amulet)
HPRegen 0.18/turn               n - ring of positive energy
MPRegen 0.19/turn               s - +4 ring of protection

@: no status effects
A: no striking features
a: Renounce Religion, Potion Petition, Call Merchant, Bribe Branch


You were on level 8 of the Dungeon.
You worshipped Gozag.
Gozag was most pleased with you.
You visited 2 branches of the dungeon, and saw 9 of its levels.

You collected 1243 gold pieces.
You paid 74 gold pieces to Gozag.

Inventory:

Hand Weapons
 a - a +2 rapier of electrocution (weapon)
 b - a +0 shortbow
 y - a +1 dagger of protection
Missiles
 d - a throwing net
 i - 8 poisoned darts
 m - 3 atropa-tipped darts
Armour
 h - a +1 leather armour of fire resistance
 u - a +2 leather armour of willpower (worn)
 B - a +1 pair of boots (worn)
Jewellery
 k - a ring of fire
 l - a ring of protection from fire
 n - a ring of positive energy (left hand)
 q - a ring of protection from cold
 s - a +4 ring of protection (right hand)
Wands
 v - a wand of iceblast (11)
 x - a wand of flame (22)
Scrolls
 z - a scroll of brand weapon
 A - 2 scrolls of teleportation
Potions
 c - 3 potions of curing
 e - 3 potions of haste
 f - a potion of brilliance
 g - a potion of flight {unknown}
 j - 5 potions of lignification
 o - 2 potions of cancellation
 p - a potion of resistance {unknown}
 w - a potion of might
 C - 2 potions of ambrosia


   Skills:
 + Level 4.1 Fighting
 + Level 6.6 Dodging
 - Level 2.4 Stealth
 + Level 8.7 Spellcasting
 * Level 11.2 Conjurations
 + Level 8.0 Hexes


You had 8 spell levels left.
You knew the following spells:

 Your Spells              Type           Power      Damage    Failure   Level
a - Magic Dart            Conj           100%       1d8       1%          1
b - Searing Ray           Conj           100%       2d8       1%          2
c - Dazzling Flash        Conj/Hex       100%       N/A       1%          3
d - Fulminant Prism       Conj/Hex       30%        3d16      1%          4
e - Iskenderun's Mystic   Conj/Tloc      43%        2d10      9%          4
f - Cause Fear            Hex            27%        N/A       3%          4

Your spell library contained the following spells:

 Spells                   Type           Power      Damage    Failure   Level
 Apportation              Tloc           24%        N/A       9%          1
 Beastly Appendage        Tmut           24%        N/A       9%          1
 Necrotise                Necr           48%        1d6       9%          1
 Summon Small Mammal      Summ           48%        N/A       9%          1
 Blink                    Tloc           24%        N/A       12%         2
 Lightning Bolt           Conj/Air       21%        1d36      22%         5
 Lesser Beckoning         Tloc           12%        N/A       24%         3
 Freezing Cloud           Conj/Ice/Air   16%        6-21      43%         5
 Manifold Assault         Tloc           12%        N/A       92%         5
 Dragon Form              Tmut           6%         N/A       100%        7
 Dragon's Call            Summ           6%         N/A       100%        9


Dungeon Overview and Level Annotations

Branches:
Dungeon (8/15)             Temple (1/1) D:4
   Lair: D:8-11

Altars:
Ashenzari
Cheibriados
Dithmenos
Elyvilon
Fedhas
Gozag
Hepliaklqana
Kikubaaqudgha
Makhleb
Nemelex Xobeh
Okawaru
Qazlal
Ru
Trog
Uskayaw
Vehumet
Wu Jian
Xom
Yredelemnul
Zin
The Shining One

Shops:
D:1 (

Annotations:
D:5 7 runed translucent doors, Rye's ghost, novice HuFi


Message History

(Press . to maintain the ray.)
The swamp worm closely misses you. The swamp worm completely misses you.
The searing ray misses the swamp worm.
The swamp worm completely misses you.
The searing ray hits the swamp worm!
The swamp worm is moderately wounded.
The swamp worm bites you.
The searing ray misses the swamp worm.
You finish channelling your searing ray.
The swamp worm bites you but does no damage.
Casting: Searing Ray (safe; 1% risk of failure)
Confirm with . or Enter, or press ? or * to list all spells.
Aiming: Searing Ray (safe; 1% risk of failure)
Press: ? - help, Shift-Dir - straight line, f/p - swamp worm
Aim: a swamp worm (moderately wounded, 79% to hit)
The searing ray hits the swamp worm.
The swamp worm is moderately wounded. (Press . to maintain the ray.)
The swamp worm bites you.
The searing ray hits the swamp worm.
The swamp worm is heavily wounded.
The swamp worm bites you but does no damage.
The swamp worm bites you!
The searing ray hits the swamp worm.
The swamp worm is heavily wounded.
The swamp worm barely misses you.
The searing ray hits the swamp worm!
The swamp worm is almost dead.
You finish channelling your searing ray.
The swamp worm bites you.
Casting: Searing Ray (safe; 1% risk of failure)
Confirm with . or Enter, or press ? or * to list all spells.
Aiming: Searing Ray (safe; 1% risk of failure)
Press: ? - help, Shift-Dir - straight line, f/p - swamp worm
Aim: a swamp worm (almost dead, 79% to hit)
The searing ray hits the swamp worm.
The swamp worm is almost dead. (Press . to maintain the ray.)
The swamp worm bites you!!
You die...
Your body crumbles into a pile of gold.

##. ## #.## ...# ###..##
#...###.....##
#.....<.....###
###..........!######
##.......$..$$..).##
#..............##..#
.##.....@.....~~~)~#.##
........w....~~≈~≈)~..#
...........~~~~###~~~~##
........>.~~~###~###≈~~#
..........~≈##~~~~~#~~~##
..........~~#~}~~~~~~~~..
##.........~≈##~~~~~#~~~..
#..........~~≈###~###≈~~..
..
...........~~~~###~~~~#.#


You could see a swamp worm.

Vanquished Creatures
  A wraith (D:5)
  A yak (D:5)
  A steam dragon (D:5)
  A swamp worm (D:8)
  A water moccasin (D:6)
  3 ice beasts
  4 orc warriors
  2 black bears (D:6)
  3 ogres
  2 centaurs
  3 phantoms
  4 bullfrogs
  4 necrophages
  A gnoll sergeant (D:8)
  A scorpion (D:5)
  6 killer bees (D:7)
  A howler monkey (D:6)
  2 gnoll boudas
  4 jellies
  2 orc priests
  3 hounds
  Jessica (D:2)
  12 orc wizards
  Terence (D:3)
  7 iguanas
  14 gnolls
  21 adders
  A shadow imp (D:6)
  2 white imps
  An ufetubus (D:6)
  4 worms
  39 orcs
  10 ball pythons
  19 endoplasms
  4 giant cockroaches
  7 goblins
  14 hobgoblins
  2 jackals (D:4)
  9 kobolds
  4 quokkas
  6 bats
  2 frilled lizards
  7 rats
237 creatures vanquished.

Vanquished Creatures (others)
  A swamp worm (D:8)
  47 fulminant prisms
  A fungus (D:2)
  6 plants
  5 toadstools (D:2)
60 creatures vanquished.

Grand Total: 297 creatures vanquished

Notes
Turn   | Place    | Note
-------+----------+-------------------------------------------
     0 | D:1      | raph the Deep Elf Conjurer began the quest for the Orb.
     0 | D:1      | Reached XP level 1. HP: 10/10 MP: 6/6
   110 | D:1      | Found a faded altar of an unknown god.
   171 | D:1      | Found Pupt's Weapon Shop.
   266 | D:1      | Reached XP level 2. HP: 15/15 MP: 5/8
   409 | D:1      | Reached skill level 5 in Conjurations
   544 | D:1      | Learned a level 2 spell: Searing Ray
  1278 | D:2      | Reached XP level 3. HP: 19/19 MP: 4/9
  1282 | D:2      | Learned a level 3 spell: Dazzling Flash
  1606 | D:2      | Noticed Jessica
  1621 | D:2      | Killed Jessica
  1622 | D:2      | Reached skill level 1 in Hexes
  1622 | D:2      | Reached XP level 4. HP: 24/24 MP: 1/11
  2233 | D:2      | Reached skill level 6 in Conjurations
  2233 | D:2      | Reached XP level 5. HP: 28/28 MP: 8/12
  3100 | D:3      | Noticed Terence
  3104 | D:3      | Killed Terence
  3908 | D:3      | Learned a level 4 spell: Fulminant Prism
  4224 | D:3      | Reached XP level 6. HP: 32/32 MP: 10/14
  4256 | D:3      | Learned a level 4 spell: Iskenderun's Mystic Blast
  4465 | D:3      | Reached skill level 7 in Conjurations
  5309 | D:4      | Reached skill level 5 in Spellcasting
  5634 | D:4      | Reached XP level 7. HP: 29/36 MP: 8/16
  5975 | D:4      | Found a staircase to the Ecumenical Temple.
  5981 | Temple   | Entered the Ecumenical Temple
  6450 | Temple   | Became a worshipper of Gozag Ym Sagoz the Greedy
  7096 | D:5      | Entered Level 5 of the Dungeon
  7104 | D:5      | Reached skill level 8 in Conjurations
  7127 | D:5      | Found a radiant altar of Vehumet.
  7255 | D:5      | Reached skill level 1 in Fighting
  7266 | D:5      | Noticed a steam dragon
  7380 | D:5      | Killed a steam dragon
  7381 | D:5      | Reached skill level 5 in Hexes
  7381 | D:5      | Reached XP level 8. HP: 25/43 MP: 7/19
  8105 | D:5      | Found a runed translucent gate.
  8105 | D:5      | Noticed Rye's ghost (novice HuFi)
  8106 | D:5      | Found a runed translucent gate.
  8107 | D:5      | Found a runed translucent gate.
  8189 | D:5      | Found a large runed translucent door.
  8190 | D:5      | Found a large runed translucent door.
  8191 | D:5      | Found a large runed translucent door.
  8191 | D:5      | Found a large runed translucent door.
  8230 | D:5      | Reached skill level 9 in Conjurations
  8815 | D:5      | Reached skill level 5 in Dodging
  8815 | D:5      | Reached XP level 9. HP: 38/49 MP: 7/21
  8820 | D:5      | Learned a level 4 spell: Cause Fear
  8897 | D:5      | Got Akucsa's Lectures on Attacks and Shapes
  9362 | D:6      | Reached skill level 10 in Conjurations
 10069 | D:6      | Identified the +9 chain mail of Caustic Satisfaction
                  | {*Corrode Int+6 Stlth+}
 11330 | D:8      | Reached skill level 11 in Conjurations
 11488 | D:8      | Reached XP level 10. HP: 13/56 MP: 11/24
 12812 | D:8      | Slain by a swamp worm

Illustrated notes

Levels and vault maps discovered:
D:1:      dpeg_arrival_prison, layout_basic, serial_shops, nicolae_diamond_shop,
          ebering_ecumenical_altar_abandoned
D:2:      cheibrodos_fertilizer, layout_basic, lightli_corner_chamber,
          uniq_jessica
D:3:      minmay_bubble_buster, layout_loops_corners, dk_noncrumbling_2,
          minmay_snake_closets, uniq_terence
D:4:      layout_loops_ring, minmay_temple_entry_overgrown, grunt_tough_drop
D:5:      layout_basic, nicolae_vehumet_radiance, biasface_ghost_orc_armoury,
          minmay_hollow_rounded_squares
D:6:      layout_rooms, minmay_fractal_squares_5
D:7:      layout_cave_pools
D:8:      layout_cave_pods, special_room [special_room_orc], worms_lemuel
Temple:   mainiacjoe_temple_big_plus

Skill      XL: |  1  2  3  4  5  6  7  8  9 10 |
---------------+-------------------------------+-----
Conjurations   | 5 6 7 8 9 11 | 11.2
Hexes          | 1 2 3 4 5 6 7 8 |  8.0
Spellcasting   | 4 5 6 7 8 |  8.7
Dodging        | 3 5 6 |  6.6
Fighting       | 1 2 3 4 |  4.1
Stealth        | |  2.4

Action                   |  1- 3 |  4- 6 |  7- 9 | 10-12 || total
-------------------------+-------+-------+-------+-------++-------
Melee: Dagger            |       |       |     7 |       ||     7
       Rapier            |       |       |    18 |       ||    18
       Punch             |       |       |     1 |       ||     1
 Fire: Shortbow          |       |     2 |       |       ||     2
 Cast: Magic Dart        |    24 |     2 |     5 |    16 ||    47
       Searing Ray       |    19 |    60 |    56 |    14 ||   149
       Dazzling Flash    |       |     1 |       |       ||     1
       Fulminant Prism   |       |     4 |    28 |    15 ||    47
       Iskenderun's Myst |       |       |    11 |     1 ||    12
Evoke: Wand              |       |       |     1 |       ||     1
  Use: Scroll            |     3 |     9 |    16 |     2 ||    30
       Potion            |       |       |     5 |       ||     5
 Stab: Sleeping          |       |       |     1 |       ||     1
Armor: Robe              |     1 |     4 |     7 |       ||    12
       Leather armour    |       |       |    29 |     3 ||    32
Dodge: Dodged            |     2 |    17 |    59 |    12 ||    90
